 Dungeon Crawl Stone Soup version 0.29.1-2-gbd0b4ee654 (webtiles) character file.

Game seed: 10051345432297977792

24 DasRunzen the Trooper (level 2, 0/24 HPs)
             Began as a Demonspawn Abyssal Knight on Nov 25, 2022.
             Was a Believer of Lugonu.
             Slain by a gnoll
             ... wielding a +0 spear
              (3 damage)
             ... on level 2 of the Dungeon.
             The game lasted 00:01:43 (1190 turns).

DasRunzen the Trooper (Demonspawn Abyssal Knight)   Turns: 1190, Time: 00:01:43

Health: 0/24       AC:  3    Str: 13    XL:     2   Next: 79%
Magic:  4/4        EV: 11    Int: 11    God:    Lugonu [**....]
Gold:   85         SH:  0    Dex: 13    Spells: 1/1 levels left

rFire   . . .      SeeInvis .   a - +1 falchion (freeze)
rCold   . . .      Faith    .   (no shield)
rNeg    . . .      Spirit   .   b - +0 leather armour
rPois   .          Reflect  .   (no helmet)
rElec   .          Harm     .   (no cloak)
rCorr   .          Rampage  .   (no gloves)
Will    .....                   (no boots)
Stlth   +.........              (no amulet)
HPRegen 0.08/turn               (no ring)
MPRegen 0.09/turn               (no ring)

@: no status effects
A: demonic touch 1
a: Renounce Religion, Depart the Abyss, Bend Space


You were on level 2 of the Dungeon.
You worshipped Lugonu.
Lugonu was pleased with you.
You visited 1 branch of the dungeon, and saw 2 of its levels.
You visited the Abyss 1 time.

You collected 85 gold pieces.

Inventory:

Hand Weapons
 a - a +1 falchion of freezing (weapon)
Armour
 b - a +0 leather armour (worn)
Scrolls
 c - a scroll of teleportation
Potions
 d - 2 potions of curing
 e - a potion of haste {unknown}
 i - a potion of brilliance {unknown}
 j - 2 potions of heal wounds {unknown}


   Skills:
 + Level 3.2 Fighting
 + Level 2.1 Long Blades
 + Level 2.1 Armour
 + Level 1.3 Dodging
 + Level 2.9 Invocations


You had one spell level left.
You didn't know any spells.
Your spell library was empty.

Dungeon Overview and Level Annotations

Branches:
Dungeon (2/15)

Altars:


Innate Abilities, Weirdness & Mutations

Your touch may inflict minor irresistible damage on your foes.


Message History

Found a faded altar of an unknown god.
No target in view!
There is a stone staircase leading down here.
A frilled lizard comes into view.
The frilled lizard hisses angrily.
You enter the shallow water.
Moving in this stuff is going to be slow.
Found a ring mail.
The frilled lizard closely misses you. x2
Your unstable footing causes you to fumble your attack.
The frilled lizard barely misses you.
You closely miss the frilled lizard. Your touch misses the frilled lizard.
You punch the frilled lizard.
You kill the frilled lizard!
Lugonu accepts your kill.
No target in view!
Found an escape hatch in the ceiling.
You see here a +0 ring mail.
A quokka comes into view. 2 gnolls come into view.
The gnoll shouts! x2
A gnoll comes into view. It is wielding a +0 club.
The gnoll shouts!
You slash the quokka! You freeze the quokka.
You kill the quokka!
Lugonu accepts your kill. The gnoll closely misses you.
You see here a quokka corpse.
The gnoll hits you but does no damage.
You closely miss the gnoll.
You touch the gnoll!
The gnoll is severely wounded.
The gnoll hits you with a +0 spear. The gnoll hits you with a +0 flail!
You are too injured to fight recklessly!
You are too injured to fight recklessly!
You are too injured to fight recklessly!
You closely miss the gnoll.
The gnoll is severely wounded.
The gnoll hits you with a +0 flail!
* * * LOW HITPOINT WARNING * * *
The gnoll hits you with a +0 spear.
You die...

.. .# .# .##
.. ##g# #gg#
#@# #†# #..#..
#.# #<.#.# #.#
###..#.### #.#
#........# #.#
#.##.....##
#.#
#.##.......
#.#
###.##.......
######.#
##...........#


You could see 3 gnolls.

Vanquished Creatures
  A gnoll (D:1)
  A ball python (D:2)
  2 endoplasms (D:1)
  A giant cockroach (D:1)
  3 goblins
  2 quokkas
  2 frilled lizards (D:2)
  A rat (D:2)
13 creatures vanquished.

Vanquished Creatures (others)
  3 toadstools (D:1)
3 creatures vanquished.

Grand Total: 16 creatures vanquished

Notes
Turn   | Place    | Note
-------+----------+-------------------------------------------
     0 | Abyss:1  | DasRunzen the Demonspawn Abyssal Knight began the quest for
                  | the Orb.
     0 | Abyss:1  | Reached XP level 1. HP: 18/18 MP: 2/2
    56 | Abyss:1  | Found a corrupted altar of Lugonu.
    89 | D:1      | Escaped the Abyss
   118 | D:1      | Reached skill level 1 in Dodging
   118 | D:1      | Discovered your monstrous ancestry.
   118 | D:1      | Gained mutation: Your touch may inflict minor irresistible
                  | damage on your foes. [demonic ancestry]
   118 | D:1      | Reached XP level 2. HP: 16/24 MP: 4/4
  1096 | D:2      | Found a faded altar of an unknown god.
  1190 | D:2      | Slain by a gnoll

Illustrated notes

Levels and vault maps discovered:
D:1:      lightli_molten_gateway, layout_loops_ring, minivault_24,
          minmay_gold_behind_fungi
D:2:      layout_loops_ring, shapermc_ecumenical_altar_starsandcircs,
          nrook_campfire

Skill      XL: |  1  2 |
---------------+-------+-----
Dodging        | 1 |  1.3
Long Blades    | 2 |  2.1
Armour         | 2 |  2.1
Fighting       | |  3.2
Invocations    | |  2.9

Action                   || total
-------------------------++-------
Melee: Falchion          ||    26
       Touch             ||     5
       Punch             ||     2
  Use: Scroll            ||     5
Armor: Leather armour    ||     3
Dodge: Dodged            ||    15
